 Dungeon Sprint DCSS version 0.28-a0-991-g956f0ee3d5 (webtiles) character file.

Game seed: 10819180936018653736

75345 mhtbhm the Minotaur Barricade (level 15, -16/172 HPs)
             Began as a Minotaur Fighter on Dec 4, 2021.
             Was the Champion of Makhleb.
             Killed from afar by Boris (60 damage)
             ... with an iron shot
             ... in the Dungeon (Sprint IX: "|||||||||||||||||||||||||||||").
             The game lasted 00:14:57 (8336 turns).

mhtbhm the Minotaur Barricade (Minotaur Fighter)    Turns: 8336, Time: 00:14:58

Health: -16/172    AC: 21    Str: 32    XL:     15   Next: 9%
Magic:  20/20      EV: 14    Int:  5    God:    Makhleb [******]
Gold:   1444       SH: 26    Dex: 12    Spells: 14/14 levels left

rFire   + . .      SeeInvis .   a - +2 scimitar (flame)
rCold   x . .      Faith    .   c - +2 tower shield
rNeg    . . .      Spirit   .   b - +2 chain mail {rPois}
rPois   +          Reflect  .   (helmet restricted)
rElec   .          Harm     .   (no cloak)
rCorr   .          Rampage  .   w - +0 pair of gloves {Str+3}
Will    +....      NoTele   +   m - +0 pair of boots
Stlth   ..........              (no amulet)
HPRegen 0.38/turn               p - +3 ring of strength
MPRegen 0.17/turn               y - ring of fire

@: mighty
A: horns 2, retaliatory headbutt
a: Renounce Religion, Minor Destruction, Lesser Servant of Makhleb, Major
Destruction, Greater Servant of Makhleb


You were in the Dungeon.
You worshipped Makhleb.
Makhleb was exalted by your worship.
You visited 1 branch You collected 1921 gold pieces.
You spent 477 gold pieces at shops.

Inventory:

Hand Weapons
 a - a +2 scimitar of flaming (weapon)
 f - a +2 long sword of electrocution
 g - a +4 morningstar of holy wrath
Missiles
 C - 5 javelins (quivered)
 D - a throwing net
Armour
 b - a +2 chain mail of poison resistance (worn)
 c - a +2 tower shield (worn)
 m - a +0 pair of boots (worn)
 w - a +0 pair of gloves of strength (worn)
Jewellery
 o - a +3 ring of strength
 p - a +3 ring of strength (left hand)
 y - a ring of fire (right hand)
 z - a ring of see invisible
 A - a ring of protection from cold
Wands
 s - a wand of paralysis (13)
 B - a wand of flame (14)
Scrolls
 k - 2 scrolls of amnesia
 t - 5 scrolls of enchant weapon
 u - 4 scrolls of identify
 v - 2 scrolls of fear
Potions
 e - a potion of curing
 h - 4 potions of magic
 q - 3 potions of mutation
 r - a potion of flight
 x - a potion of lignification


   Skills:
 + Level 26.2 Fighting
 - Level 22.1 Long Blades
 + Level 8.9 Throwing
 + Level 21.8 Armour
 + Level 10.6 Dodging
 - Level 3.1 Stealth
 O Level 27 Shields
 * Level 8.6 Invocations
 + Level 5.2 Evocations


You had 14 spell levels left.
You didn't know any spells.
Your spell library was empty.

Dungeon Overview and Level Annotations

Branches:
Dungeon (1/1)

Altars:
Cheibriados
Dithmenos
Elyvilon
Fedhas
Gozag
Hepliaklqana
Kikubaaqudgha
Makhleb
Nemelex Xobeh
Okawaru
Qazlal
Ru
Sif Muna
Trog
Uskayaw
Vehumet
Wu Jian
Xom
Yredelemnul
Zin
The Shining One
Beogh
Jiyva
Lugonu

Shops:
D (?[[

Annotations:
D Boris


Innate Abilities, Weirdness & Mutations

You have a pair of horns on your head.
You reflexively headbutt those who attack you in melee.


Message History

* * * LOW HITPOINT WARNING * * *
Xtahua misses you. You block Xtahua's attack.
You slash Xtahua! You burn Xtahua.
You kill Xtahua!
Makhleb accepts your kill.
You feel better.
The fire dragon scales {Xtahua} are intact enough to wear.
You hit something. You burn something. Something completely misses you.
You block something's attack.
Unknown command.
You slash something! You burn something. Your headbutt misses something.
Unknown command.
You slice something!! You burn something. Something hits you.
* * * LOW HITPOINT WARNING * * *
Something touches you but does no damage.
You closely miss something. You headbutt something.
You block something's attack.
Something touches you but does no damage.
Unknown command.
You hit something. You burn something. Your headbutt misses something.
Something hits you but does no damage. You block something's attack.
You completely miss something. You headbutt something!! You slice something!!
You burn something. You headbutt something. Something hits you.
* * * LOW HITPOINT WARNING * * *
You block something's attack.
Unknown command.
Okay, then.
Okay, then.
Unknown command.
You hit something but do no damage.
You hear some strange, mumbled words.
An iron shot appears from out of thin air!
You block the iron shot.
You slice something!! You burn something! You miss something.
You hear some strange, mumbled words.
An iron shot appears from out of thin air!
The iron shot hits you!!!
You die...

.........[.......)...............
▓▓▓▓▓▓▓▓▓▓▓♣♣♣♣♣♣♣♣♣♣▓▓▓▓▓▓▓▓▓▓▓▓
'.......))'.........)............
▓▓▓▓▓▓▓▓▓▓▓♣♣♣♣♣♣♣♣♣♣▓▓▓▓▓▓▓▓▓▓▓▓
..).))......................[..).
▓▓▓▓▓▓▓▓▓▓▓▓▓▓▓▓▓▓▓▓▓▓▓▓▓▓▓▓▓▓▓▓▓
.......).)..)[.[()'[.............
▓▓▓▓▓▓▓▓▓▓▓▓▓▓▓▓▓▓▓▓▓▓▓▓▓▓▓▓▓▓▓▓▓
...........[....@{.....(..
▓▓▓▓▓▓▓▓▓▓▓▓▓▓▓▓▓▓▓▓▓▓▓▓▓▓


There were no monsters in sight!

Vanquished Creatures
  A royal mummy (D)
  Saint Roka (D)
  Xtahua (D)
  A lich (D)
  Rupert (D)
  A sphinx (D)
  A tengu reaver (D)
  Agnes (D)
  Kirke (D)
  A fire giant (D)
  2 frost giants (D)
  Louise (D)
  5 vault wardens (D)
  A spriggan defender (D)
  3 stone giants (D)
  3 ironbound preservers (D)
  2 very ugly things (D)
  A vampire knight (D)
  2 eleionomae (D)
  A bunyip (D)
  2 spark wasps (D)
  A merfolk impaler (D)
  2 fire dragons (D)
  Erolcha (D)
  An ice dragon (D)
  A naga warrior (D)
  3 ironbound thunderhulks (D)
  2 great orbs of eyes (D)
  An ironbound frostheart (D)
  A salamander tyrant (D)
  4 centaur warriors (D)
  2 hydras (D)
  An anaconda (D)
  A two-headed ogre (D)
  A tengu warrior (D)
  2 vampire magi (D)
  A deep troll earth mage (D)
  Erica (D)
  A hell knight (D)
  8 orc high priests (D)
  A deep troll shaman (D)
  2 shock serpents (D)
  Urug (D)
  A salamander mystic (D)
  A skeletal warrior (D)
  A sea snake (D)
  A swamp dragon (D)
  A goliath frog (D)
  4 ironbound convokers (D)
  2 orc knights (D)
  An orc sorcerer (D)
  A will-o-the-wisp (D)
  4 orb spiders (D)
  2 ugly things (D)
  A manticore (D)
  4 black mambas (D)
  A merfolk siren (D)
  2 cane toads (D)
  4 vault sentinels (D)
  3 komodo dragons (D)
  A komodo dragon (shapeshifter) (D)
  3 merfolk (D)
  2 tyrant leeches (D)
  A wind drake (D)
  2 hornets (D)
  2 slime creatures (D)
  A dream sheep (D)
  A snapping turtle (D)
  A redback (D)
  A spriggan (D)
  A yak (D)
  A wraith (D)
  Eustachio (D)
  3 tarantellas (D)
  3 hogs (D)
  2 basilisks (D)
  A vampire mosquito (D)
  A warg (D)
  3 water moccasins (D)
  3 hell hounds (D)
  13 orc warriors (D)
  6 wolves (D)
  2 centaurs (D)
  A phantom (D)
  2 bullfrogs (D)
  9 orc priests (D)
  An iguana (D)
  A hell rat (D)
  6 orc wizards (D)
  An ufetubus (D)
  8 orcs (D)
  A ball python (D)
  2 bat zombies (D)
  An endoplasm (D)
  A goblin (D)
  A hobgoblin (D)
  A ball python zombie (D)
  A bat (D)
198 creatures vanquished.

Vanquished Creatures (others)
  A vampire mage (D)
1 creature vanquished.

Grand Total: 199 creatures vanquished

Notes
Turn   | Place    | Note
-------+----------+-------------------------------------------
     0 | D        | mhtbhm the Minotaur Fighter began the quest for the Orb.
     0 | D        | Reached XP level 1. HP: 19/19 MP: 0/0
     7 | D        | Reached skill level 4 in Shields
    83 | D        | Noticed an iguana
    83 | D        | Noticed a phantom
    87 | D        | Killed a phantom
    88 | D        | Reached skill level 6 in Shields
    88 | D        | Reached XP level 2. HP: 31/31 MP: 1/1
    88 | D        | Reached XP level 3. HP: 38/38 MP: 2/2
    88 | D        | Reached XP level 4. HP: 45/45 MP: 3/3
   210 | D        | Found a snail-covered altar of Cheibriados.
   210 | D        | Found a shadowy altar of Dithmenos.
   210 | D        | Found a white marble altar of Elyvilon.
   210 | D        | Found a blossoming altar of Fedhas.
   210 | D        | Found an opulent altar of Gozag.
   211 | D        | Found a hazy altar of Hepliaklqana.
   212 | D        | Found a viscous altar of Jiyva.
   213 | D        | Found an ancient bone altar of Kikubaaqudgha.
   214 | D        | Found a corrupted altar of Lugonu.
   215 | D        | Found a burning altar of Makhleb.
   216 | D        | Found a sparkling altar of Nemelex Xobeh.
   217 | D        | Found an iron altar of Okawaru.
   218 | D        | Found a stormy altar of Qazlal.
   219 | D        | Found a sacrificial altar of Ru.
   220 | D        | Found a shimmering blue altar of Sif Muna.
   221 | D        | Found a bloodstained altar of Trog.
   222 | D        | Found a hide-covered altar of Uskayaw.
   223 | D        | Found a radiant altar of Vehumet.
   230 | D        | Found an ornate altar of the Wu Jian Council.
   235 | D        | Found a shimmering altar of Xom.
   239 | D        | Became a worshipper of Makhleb the Destroyer
   243 | D        | Found a basalt altar of Yredelemnul.
   244 | D        | Found a glowing silver altar of Zin.
   245 | D        | Found a glowing golden altar of the Shining One.
   298 | D        | Noticed an orc warrior
   298 | D        | Noticed a wraith
   298 | D        | Noticed a centaur
   301 | D        | Reached skill level 5 in Long Blades
   301 | D        | Reached skill level 7 in Shields
   301 | D        | Reached XP level 5. HP: 44/52 MP: 4/4
   301 | D        | Killed a centaur
   302 | D        | Reached skill level 8 in Shields
   306 | D        | Killed a wraith
   306 | D        | Reached * piety under Makhleb
   307 | D        | Reached skill level 9 in Shields
   307 | D        | Reached XP level 6. HP: 55/64 MP: 5/5
   312 | D        | Killed an orc warrior
   313 | D        | Reached skill level 10 in Fighting
   313 | D        | Reached skill level 1 in Dodging
   324 | D        | Reached ** piety under Makhleb
   523 | D        | Noticed a vampire mosquito
   523 | D        | Noticed a two-headed ogre
   523 | D        | Noticed a green ugly thing
   523 | D        | Noticed a slime creature
   523 | D        | Noticed a centaur warrior
   529 | D        | Killed a centaur warrior
   530 | D        | Reached skill level 10 in Long Blades
   530 | D        | Reached skill level 10 in Armour
   530 | D        | Reached skill level 10 in Shields
   530 | D        | Reached XP level 7. HP: 74/74 MP: 6/6
   530 | D        | Reached XP level 8. HP: 82/82 MP: 7/7
   532 | D        | Reached skill level 11 in Shields
   535 | D        | Killed a slime creature
   537 | D        | Killed a green ugly thing
   537 | D        | Reached *** piety under Makhleb
   538 | D        | Reached skill level 1 in Evocations
   539 | D        | Killed a two-headed ogre
   540 | D        | Reached skill level 1 in Stealth
   540 | D        | Reached skill level 12 in Shields
   540 | D        | Reached XP level 9. HP: 93/93 MP: 8/8
   662 | D        | Noticed a black mamba
   665 | D        | Killed a black mamba
   737 | D        | Noticed a komodo dragon
   738 | D        | Reached **** piety under Makhleb
   739 | D        | Noticed a cane toad
   742 | D        | Noticed a komodo dragon
   746 | D        | Reached ***** piety under Makhleb
   747 | D        | Reached skill level 13 in Shields
   751 | D        | Killed a komodo dragon
   752 | D        | Reached skill level 15 in Long Blades
   754 | D        | Killed a cane toad
   756 | D        | Killed a komodo dragon
   757 | D        | Reached XP level 10. HP: 104/104 MP: 9/9
   767 | D        | Noticed an eight-headed hydra
   775 | D        | Killed a three-headed hydra
   778 | D        | Reached skill level 15 in Fighting
   778 | D        | Reached ****** piety under Makhleb
   781 | D        | Noticed a cane toad
   802 | D        | Killed a cane toad
   820 | D        | Reached skill level 14 in Shields
  1073 | D        | Noticed an orc knight
  1083 | D        | Killed an orc knight
  1097 | D        | Reached XP level 11. HP: 40/115 MP: 10/10
  1230 | D        | Found Wunujo's Antique Armour Boutique.
  1230 | D        | Noticed an orc high priest
  1230 | D        | Noticed an orc high priest
  1230 | D        | Noticed an orc high priest
  1231 | D        | Noticed an orc high priest
  1232 | D        | Killed an orc high priest
  1233 | D        | Noticed an orc high priest
  1236 | D        | Killed an orc high priest
  1237 | D        | Reached skill level 15 in Shields
  1248 | D        | Found Keler's Antique Armour Shop.
  1250 | D        | Noticed an orc high priest
  1254 | D        | Killed an orc high priest
  1255 | D        | Reached skill level 15 in Armour
  1257 | D        | Found Baunkodgh's Magic Scroll Boutique.
  1260 | D        | Killed an orc high priest
  1262 | D        | Killed an orc high priest
  1271 | D        | Noticed a sun demon
  1271 | D        | Killed an orc high priest
  1272 | D        | Found Esushoby's Antique Weapon Shop.
  1550 | D        | Noticed an orc high priest
  1551 | D        | Noticed an orc high priest
  1557 | D        | Killed an orc high priest
  1559 | D        | Noticed a soul eater
  1563 | D        | Killed an orc high priest
  1604 | D        | Bought a pair of embroidered gloves for 232 gold pieces
  1619 | D        | Bought a scroll of holy word for 75 gold pieces
  1619 | D        | Bought a scroll of fear for 35 gold pieces
  1619 | D        | Bought a scroll of enchant weapon for 75 gold pieces
  1619 | D        | Bought a scroll of identify for 20 gold pieces
  1619 | D        | Bought a scroll of identify for 20 gold pieces
  1623 | D        | Bought a scroll of identify for 20 gold pieces
  1658 | D        | Noticed Eustachio
  1663 | D        | Killed Eustachio
  1692 | D        | Noticed Erica
  1697 | D        | Killed Erica
  1704 | D        | Noticed Erolcha
  1734 | D        | Killed Erolcha
  1735 | D        | Reached skill level 16 in Shields
  1996 | D        | Noticed a centaur warrior
  1996 | D        | Noticed an orc knight
  1996 | D        | Noticed a five-headed hydra
  1996 | D        | Noticed a tengu warrior
  1996 | D        | Noticed a centaur warrior
  1997 | D        | Noticed a skeletal warrior
  1999 | D        | Killed a centaur warrior
  2005 | D        | Noticed a white ugly thing
  2007 | D        | Noticed an ice dragon
  2011 | D        | Killed a tengu warrior
  2012 | D        | Reached XP level 12. HP: 124/130 MP: 11/11
  2014 | D        | Killed a two-headed hydra
  2014 | D        | Noticed a fire dragon
  2023 | D        | Killed a centaur warrior
  2026 | D        | Noticed a vampire mage
  2029 | D        | Noticed a fire dragon
  2039 | D        | Noticed a lich
  2040 | D        | Reached skill level 17 in Shields
  2049 | D        | Killed an ice dragon
  2125 | D        | Killed a lich
  2157 | D        | Killed a fire dragon
  2158 | D        | Reached skill level 5 in Dodging
  2410 | D        | Noticed a great orb of eyes
  2413 | D        | Killed a vampire mage
  2821 | D        | Killed a fire dragon
  2822 | D        | Reached skill level 18 in Shields
  2825 | D        | Paralysed by a great orb of eyes for 7 turns
  2833 | D        | Killed a great orb of eyes
  2983 | D        | Noticed a stone giant
  2998 | D        | Killed a stone giant
  3300 | D        | Noticed Kirke
  3441 | D        | Killed Kirke
  3462 | D        | Noticed Rupert
  3473 | D        | Killed Rupert
  3474 | D        | Reached skill level 19 in Shields
  3477 | D        | Noticed Urug
  3486 | D        | Killed Urug
  3875 | D        | Noticed a bunyip
  3884 | D        | Noticed an eleionoma
  3891 | D        | Reached XP level 13. HP: 97/143 MP: 12/12
  3893 | D        | Killed a bunyip
  3899 | D        | Reached skill level 1 in Throwing
  3899 | D        | Noticed an eleionoma
  3911 | D        | Killed an eleionoma
  3931 | D        | Killed an eleionoma
  3932 | D        | Reached skill level 20 in Shields
  4335 | D        | Reached skill level 21 in Shields
  4619 | D        | Noticed a merfolk impaler
  4640 | D        | Reached skill level 5 in Throwing
  4650 | D        | Killed a merfolk impaler
  4656 | D        | Reached skill level 22 in Shields
  4872 | D        | Noticed Agnes
  4885 | D        | Killed Agnes
  5011 | D        | Noticed Saint Roka
  5041 | D        | Killed Saint Roka
  5042 | D        | Reached skill level 23 in Shields
  5344 | D        | Noticed a spark wasp
  5344 | D        | Noticed a tengu reaver
  5344 | D        | Noticed a vampire knight
  5347 | D        | Noticed a stone giant
  5354 | D        | Noticed a frost giant
  5358 | D        | Noticed a stone giant
  5360 | D        | Killed a spark wasp
  5361 | D        | Reached XP level 14. HP: 98/157 MP: 13/13
  5363 | D        | Killed a tengu reaver
  5364 | D        | Killed a vampire knight
  5365 | D        | Reached skill level 24 in Shields
  5369 | D        | Killed a stone giant
  5371 | D        | Killed a frost giant
  5375 | D        | Killed a stone giant
  5378 | D        | Noticed a fire giant
  5384 | D        | Noticed a spriggan defender
  5392 | D        | Killed a fire giant
  5393 | D        | Reached skill level 25 in Shields
  5396 | D        | HP: 7/157 [spriggan defender (6)]
  5397 | D        | Noticed a frost giant
  5402 | D        | Killed a spriggan defender
  5402 | D        | Noticed a white very ugly thing
  5407 | D        | Noticed a brown very ugly thing
  5882 | D        | Reached skill level 5 in Evocations
  5898 | D        | Killed a frost giant
  6072 | D        | Killed a green very ugly thing
  6078 | D        | Killed a green very ugly thing
  6079 | D        | Reached skill level 26 in Shields
  6110 | D        | Noticed an ironbound preserver
  6110 | D        | Noticed a vault warden
  6118 | D        | Killed a vault warden
  6119 | D        | Reached skill level 1 in Invocations
  6121 | D        | Killed an ironbound preserver
  6755 | D        | Noticed an ironbound preserver
  6761 | D        | Noticed a vault warden
  6761 | D        | Noticed a royal mummy
  6761 | D        | Noticed a sphinx
  6763 | D        | Noticed an emperor scorpion
  6763 | D        | Noticed an emperor scorpion
  6768 | D        | Killed an ironbound preserver
  6768 | D        | HP: 5/160 [emperor scorpion[a royal mummy] (14)]
  6881 | D        | Killed a vault warden
  6882 | D        | Reached skill level 27 in Shields
  7380 | D        | Noticed an emperor scorpion
  7396 | D        | Killed a royal mummy
  7397 | D        | Reached skill level 10 in Dodging
  7397 | D        | Reached skill level 5 in Invocations
  7820 | D        | Killed a sphinx
  8006 | D        | Noticed a vault warden
  8009 | D        | Noticed a vault warden
  8016 | D        | Killed a vault warden
  8016 | D        | Noticed a vault warden
  8019 | D        | Noticed an ironbound preserver
  8044 | D        | Killed a vault warden
  8053 | D        | Killed a vault warden
  8055 | D        | Killed an ironbound preserver
  8056 | D        | Reached XP level 15. HP: 171/171 MP: 19/19
  8182 | D        | Noticed Louise
  8194 | D        | Killed Louise
  8305 | D        | Noticed Xtahua
  8305 | D        | Paralysed by Xtahua for 2 turns
  8310 | D        | Noticed Boris
  8326 | D        | Killed Xtahua
  8336 | D        | Killed from afar by Boris

Illustrated notes

Levels and vault maps discovered:
D:        linesprint [early_d, line_temple, items_1, d_10, items_2, lair_1,
          lair_end, items_3, orc_1, orc_end, items_4, d_15, swamp_1, shoals_1,
          snake_1, spider_1, d_20, vaults_1, items_5, swamp_end, shoals_end,
          snake_end, spider_end, vaults_end, d_27, items_6, zot_1, zot_end,
          crypt_end, forest_end, elf_end, slime_end, tomb_end, abyss_end,
          pan_hell_end]

Skill      XL: |  1  2  3  4  5  6  7  8  9 10 11 12 13 14 15 |
---------------+----------------------------------------------+-----
Fighting       | 6 7 9 11 13 14 16 19 21 23 25 26 | 26.2
Armour         | 6 7 9 10 11 12 14 16 18 19 21 | 21.8
Shields        | 6 7 9 10 12 13 14 16 19 23 27 | 27.0
Long Blades    | 4 5 7 10 13 15 18 19 21 22 | 22.1
Dodging        | 2 3 7 9 10 | 10.6
Evocations     | 1 2 3 4 5 |  5.2
Stealth        | 1 2 3 |  3.1
Throwing       | 5 8 |  8.9
Invocations    | 7 8 |  8.6

Action                   |  1- 3 |  4- 6 |  7- 9 | 10-12 | 13-15 || total
-------------------------+-------+-------+-------+-------+-------++-------
Melee: Long sword        |    11 |     8 |       |       |       ||    19
       Headbutt          |     1 |     3 |     8 |    85 |   126 ||   223
       Scimitar          |       |    26 |    37 |   305 |   409 ||   777
Throw: Javelin           |       |       |       |     7 |    31 ||    38
       Throwing net      |       |       |       |       |     1 ||     1
Invok: Major Destruction |       |       |       |       |     1 ||     1
       Greater Servant o |       |       |       |       |     1 ||     1
Evoke: Wand              |       |     1 |     3 |     5 |     2 ||    11
  Use: Potion            |     1 |       |       |     8 |    15 ||    24
       Scroll            |       |       |       |     6 |     4 ||    10
Armor: Scale mail        |     4 |     2 |       |    36 |       ||    42
       Plate armour      |       |    25 |     8 |    55 |       ||    88
       Chain mail        |       |       |       |     3 |    71 ||    74
Dodge: Dodged            |     4 |    11 |     4 |    44 |    80 ||   143
Block: Buckler           |       |     9 |    10 |    35 |       ||    54
       Tower shield      |       |       |       |    88 |   289 ||   377

Table legend: (Time is in decaauts)
 A = Elapsed time spent in this place.
 B = Non-inter-level travel time spent in this place.
 C = Inter-level travel time spent in this place.
 D = Time resting spent in this place.
 E = Time spent auto-exploring this place.
 F = Levels seen in this place.
 G = Mean time per level.
                   A        B        C        D        E       F      G
               +--------+--------+--------+--------+--------+-----+--------+
         Total |   8103 |   8103 |      0 |   4659 |    975 |   1 | 8103.0 |
       Dungeon |   8103 |   8103 |      0 |   4659 |    975 |   1 | 8103.0 |
               +--------+--------+--------+--------+--------+-----+--------+

Top non-repeatable levels by time:
       D: 8103 daAuts
